 Dungeon Crawl Stone Soup version 0.31-a0-986-g5e6e4ef867 (webtiles) character file.

Game seed: 5026346406494391126

238466 Zonian the Eclecticist (level 18, -4/115 HPs)
             Began as a Deep Elf Conjurer on Nov 4, 2023.
             Was an Initiate of Gozag.
             Slain by Zenata
             ... wielding a +3 lajatang of speed
              (22 damage)
             ... on level 1 of the Elven Halls on Nov 6, 2023.
             The game lasted 04:28:49 (67076 turns).

Zonian the Eclecticist (Deep Elf Conjurer)         Turns: 67076, Time: 04:28:52

Health: -4/115     AC: 15    Str: 10    XL:     18   Next: 56%
Magic:  49/49      EV: 13    Int: 41    God:    Gozag
Gold:   5735       SH:  7    Dex: 11    Spells: 1/49 levels left

rFire   + . .        W - +2 rapier of Bodily Harmony {distort, rF+ Str+3}
rCold   . . .        i - +3 buckler
rNeg    + . .        U - +3 leather armour {rPois}
rPois   +            N - +2 helmet {Int+3}
rElec   .            f - scarf of Fesugh {repulsion, rN+ Regen+ Dex-2}
rCorr   .            V - +2 pair of gloves {Str+3}
SInv    .            y - +2 pair of boots
Will    +....        u - amulet of regeneration
Stlth   +++          m - ring of magical power
HPRegen 1.99/turn    d - +6 ring of intelligence
MPRegen 0.31/turn

%: repel missiles
@: silenced
A: no striking features
}: 2/15 runes: decaying, serpentine
a: Renounce Religion


You were on level 1 of the Elven Halls.
You worshipped Gozag.
Gozag was greatly pleased with you.
You visited 6 branches of the dungeon, and saw 31 of its levels.

You collected 13696 gold pieces.
You spent 4573 gold pieces at shops.
You paid 3388 gold pieces to Gozag.

Inventory:

Hand Weapons
 W - the +2 rapier of Bodily Harmony (weapon) {distort, rF+ Str+3}
   (You took it off a kobold brigand on level 5 of the Dungeon)

   Str+3:     It affects your strength (+3).
   rF+:       It protects you from fire.
Missiles
 z - 2 javelins
 E - a throwing net
 T - 8 curare-tipped darts
Armour
 f - the scarf of Fesugh (worn) {repulsion, rN+ Regen+ Dex-2}
   (You acquired it on level 6 of the Dungeon)

   Dex-2:     It affects your dexterity (-2).
   rN+:       It protects you from negative energy.
   Regen+:    It increases your rate of health regeneration.
 i - a +3 buckler (worn)
 y - a +2 pair of boots (worn)
 B - the +3 leather armour "Yvounee" {Int+6}
   (You bought it in a shop on level 3 of the Snake Pit)

   Int+6:     It affects your intelligence (+6).
 N - a +2 helmet of intelligence (worn)
 Q - the +3 leather armour of Leapfrog {rF+ rN+ Stlth+}
   (You found it on level 14 of the Dungeon)

   rF+:       It protects you from fire.
   rN+:       It protects you from negative energy.
   Stlth+:    It makes you more stealthy.
 U - a +3 leather armour of poison resistance (worn)
 V - a +2 pair of gloves of strength (worn)
Jewellery
 d - a +6 ring of intelligence (right hand)
 m - a ring of magical power (left hand)
 s - a ring of willpower
 u - an amulet of regeneration (around neck)
 G - a ring of fire
 H - a ring of ice
 O - a ring of protection from cold
Wands
 b - a wand of roots (15)
 k - a wand of mindburst (4)
 v - a wand of flame (45)
 L - a wand of quicksilver (1)
 M - a wand of paralysis (13)
Scrolls
 p - 8 scrolls of vulnerability
 t - 2 scrolls of butterflies
 A - 2 scrolls of fog
 D - 2 scrolls of blinking
 J - 4 scrolls of teleportation
 K - 5 scrolls of amnesia
 P - a scroll of fear
 R - 6 scrolls of poison
 X - 4 scrolls of revelation
Potions
 c - 6 potions of enlightenment
 g - 2 potions of invisibility
 h - 5 potions of might
 l - a potion of magic
 n - 3 potions of haste
 o - a potion of brilliance
 q - 8 potions of curing
 r - 2 potions of cancellation
 w - a potion of berserk rage
 x - 3 potions of resistance
 C - 4 potions of ambrosia
 F - 6 potions of mutation
Miscellaneous
 a - a box of beasts
 e - a phantom mirror (inert)
 I - a lightning rod (inert)
 Z - a condenser vane (inert)


   Skills:
 - Level 13.5 Fighting
 - Level 14.0 Short Blades
 + Level 8.4 Dodging
 + Level 9.2 Stealth
 - Level 3.1 Shields
 + Level 16.0 Spellcasting
 - Level 12.6 Conjurations
 + Level 15.4 Hexes
 - Level 8.0 Summonings
 - Level 10.0 Translocations
 - Level 7.6 Fire Magic
 - Level 10.8 Ice Magic
 + Level 8.0 Air Magic
 + Level 6.4 Evocations


You had one spell level left.
You knew the following spells:

 Your Spells              Type           Power      Damage    Failure   Level
a - Magic Dart            Conj           100%       1d8       0%          1
b - Searing Ray           Conj           100%       2d8       0%          2
c - Dazzling Flash        Conj/Hex       100%       N/A       0%          3
d - Hailstorm             Conj/Ice       92%        3d18      1%          3
e - Iskenderun's Battles  Conj           94%        2d14      1%          5
f - Static Discharge      Conj/Air       100%       3-8/arc   1%          2
g - Frozen Ramparts       Ice            100%       1d16      1%          3
h - Iskenderun's Mystic   Conj/Tloc      90%        2d18      1%          4
i - Metabolic Englaciati  Hex/Ice        48%        N/A       1%          5
j - Ozocubu's Armour      Ice            88%        N/A       1%          3
k - Summon Ice Beast      Ice/Summ       83%        N/A       1%          4
l - Blink                 Tloc           100%       N/A       1%          2
m - Summon Lightning Spi  Summ/Air       78%        N/A       1%          4
n - Enfeeble              Hex            51%        N/A       2%          7

Your spell library contained the following spells:

 Spells                   Type           Power      Damage    Failure   Level
 Slow                     Hex            100%       N/A       0%          1
 Sandblast                Erth           64%        2d14      1%          1
 Ensorcelled Hibernation  Hex/Ice        100%       N/A       0%          2
 Jinxbite                 Hex            100%       N/A       0%          2
 Confusing Touch          Hex            100%       N/A       0%          3
 Sigil of Binding         Hex            100%       N/A       0%          3
 Tukima's Dance           Hex            100%       N/A       0%          3
 Call Imp                 Summ           100%       N/A       1%          2
 Cigotuvi's Dreadful Rot  Necr/Pois/Air  100%       N/A       1%          2
 Ignite Poison            Fire/Tmut/Pois 52%        N/A       1%          3
 Inner Flame              Hex/Fire       91%        N/A       1%          3
 Stone Arrow              Conj/Erth      100%       3d13      1%          3
 Summon Guardian Golem    Hex/Summ       92%        N/A       1%          3
 Airstrike                Air            39%        2d(6-22)  1%          4
 Anguish                  Hex/Necr       38%        N/A       1%          4
 Brom's Barrelling Bould  Conj/Erth      71%        2d8       1%          4
 Dimensional Bullseye     Hex/Tloc       47%        N/A       1%          4
 Fulminant Prism          Conj/Hex       49%        3d20      1%          4
 Manifold Assault         Tloc           86%        N/A       1%          4
 Passage of Golubria      Tloc           86%        N/A       1%          4
 Vhi's Electric Charge    Tloc/Air       100%       N/A       1%          4
 Arcjolt                  Conj/Air       43%        1d53      1%          5
 Freezing Cloud           Conj/Ice/Air   43%        6-21      1%          5
 Silence                  Hex/Air        46%        N/A       1%          5
 Yara's Violent Unravell  Hex/Tmut       38%        3d15      1%          5
 Passwall                 Tmut/Erth      26%        N/A       2%          2
 Sublimation of Blood     Necr           32%        N/A       2%          2
 Irradiate                Conj/Tmut      35%        3d23      3%          5
 Conjure Ball Lightning   Conj/Air       43%        3x3d15    3%          6
 Dispersal                Tloc           43%        N/A       4%          6
 Starburst                Conj/Fire      43%        6d12      4%          6
 Vampiric Draining        Necr           32%        2d8       5%          3
 Orb of Destruction       Conj           47%        9d12      9%          7
 Plasma Beam              Fire/Air       38%        2x1d52    11%         6
 Petrify                  Tmut/Erth      32%        N/A       17%         4
 Bombard                  Conj/Erth      35%        9d6       21%         6
 Spellforged Servitor     Conj/Summ      43%        N/A       22%         7
 Alistair's Intoxication  Tmut/Pois      21%        N/A       43%         5
 Borgnjor's Vile Clutch   Necr/Erth      16%        N/A       43%         5
 Disjunction              Tloc           43%        N/A       88%         8
 Eringya's Noxious Bog    Tmut/Pois      16%        4d6       95%         6
 Haunt                    Necr/Summ      30%        N/A       96%         7
 Infestation              Necr           16%        N/A       100%        8
 Lehudib's Crystal Spear  Conj/Erth      35%        10d9      100%        8
 Animate Dead             Necr           Unusable   N/A       N/A         4
 Simulacrum               Ice/Necr       Unusable   N/A       N/A         6

Dungeon Overview and Level Annotations

Branches:
Dungeon (15/15)            Temple (0/1) D:7            Lair (5/5) D:8
  Swamp (4/4) Lair:2        Snake (4/4) Lair:2        Slime (0/5) Lair:4
    Orc (2/2) D:12            Elf (1/3) Orc:2        Vaults (0/5) D:14
 Depths (0/4) D:15

Altars:
Ashenzari
Cheibriados
Fedhas
Gozag
Nemelex Xobeh
Trog
Uskayaw
Vehumet
Wu Jian
Xom
Yredelemnul
The Shining One
Jiyva
Lugonu

Shops:
D:5 [!   D:7 (   D:8 :   D:9 :   D:15 :   Orc:2 **[:   Elf:1 [   Snake:1 ?(*
Snake:3 =([[(

Portals:
Abyss: D:5

Annotations:
D:13 2 transporters, Gawasace's ghost, journeyman FoFi
Lair:1 exclusion: oklob plant
Swamp:2 1 runed translucent door, Getoffmy's ghost, adept DEIE
Swamp:3 Roxanne
Snake:3 Vashnia
Elf:1 Zenata
Abyss:1 Louise


Message History

You hit Zenata but do no damage.
Space warps horribly around Zenata!
Zenata is severely wounded.
Zenata hits you with a +3 lajatang of speed!!
* * * LOW HITPOINT WARNING * * *
You hit Zenata but do no damage.
Space warps around Zenata.
Zenata is almost dead.
You block Zenata's attack.
You closely miss Zenata.
Zenata is almost dead.
You barely miss Zenata.
Zenata is almost dead.
Zenata hits you with a +3 lajatang of speed!!
* * * LOW HITPOINT WARNING * * *
Okay, then.
Okay, then.
Aiming: Quicksilver Bolt
Press: ? - help, Shift-Dir - straight line, f/p - Zenata
Aim: Zenata, wielding a +3 lajatang of speed and wearing a +0 leather armour (silenced, almost dead, 74% to hit)
The bolt of dispelling energy hits Zenata!
Zenata is almost dead.
Zenata closely misses you. Zenata misses you.
Okay, then.
Aiming: Mindburst
Press: ? - help, Shift-Dir - straight line, f/p - Zenata
Aim: Zenata, wielding a +3 lajatang of speed and wearing a +0 leather armour (silenced, almost dead, chance to affect: 21%)
Okay, then.
Aiming: Quicksilver Bolt
Press: ? - help, Shift-Dir - straight line, f/p - Zenata
Aim: Zenata, wielding a +3 lajatang of speed and wearing a +0 leather armour (silenced, almost dead, 74% to hit)
The bolt of dispelling energy hits Zenata.
Zenata is almost dead.
You block Zenata's attack.
Aiming: Quicksilver Bolt
Press: ? - help, Shift-Dir - straight line, f/p - Zenata
Aim: Zenata, wielding a +3 lajatang of speed and wearing a +0 leather armour (silenced, almost dead, 74% to hit)
The bolt of dispelling energy hits Zenata!
Zenata is almost dead.
Zenata hits you with a +3 lajatang of speed!!
You die...
Your body crumbles into a pile of gold.

#.#...#.# #.#...#.# ##.###.##
######### #....##
####8##8##8### #..###
#............# ##.#
#####.##8##8##8#.# #.#
#......#########.# ###.#
#..###..# ##.# ....#
####.#...#@#######..#
###.###..#.#...#a........##
#.##.....#...#.#####.###
###....##...###..# #...#
#.....####.......# #...#
..##..####.......# #...#
.####..##........####...#####
.####.......................#
..##..##...##...............#


You could see Zenata.

Vanquished Creatures
  the Lernaean hydra (Swamp:4)
  A tentacled monstrosity (Swamp:4)
  Mlioglotl (Swamp:2)
  Kirke (Snake:4)
  4 nagarajas (Snake:4)
  A stone giant (D:15)
  5 eleionomae
  3 bunyips
  A shambling mangrove (Swamp:3)
  Fannar (Lair:3)
  14 hydras
  A deep elf high priest (Elf:1)
  An ogre mage (D:15)
  2 salamander tyrants (Snake:4)
  3 alligators
  3 ghost crabs
  4 vault guards (D:14)
  4 centaur warriors
  A death knight (D:15)
  3 two-headed ogres
  2 boulder beetles
  2 catoblepae (Lair:5)
  5 dancing weapons (Elf:1)
  3 death yaks
  13 anacondas
  Urug (Lair:1)
  2 tengu warriors (D:15)
  8 naga warriors
  7 shock serpents
  A deep elf knight (Elf:1)
  2 orc high priests (Orc:2)
  2 salamander mystics
  11 naga sharpshooters
  8 spriggans
  A skyshark (Lair:2)
  4 goliath frogs
  A spriggan druid (Swamp:1)
  7 naga ritualists
  4 sea snakes (Snake:3)
  3 deep elf archers (Elf:1)
  8 bog bodies
  7 swamp dragons
  A phantasmal warrior (D:15)
  11 deep elf zephyrmancers (Elf:1)
  10 ugly things
  An orc knight (D:15)
  10 mana vipers
  An orc sorcerer (Orc:2)
  4 will-o-the-wisps
  9 deep elf pyromancers
  A wolf spider (Lair:5)
  5 salamanders
  3 manticores
  2 cyclopes (D:13)
  11 elephants
  59 black mambas
  24 naga magi
  2 guardian serpents
  A torpor snail (Lair:4)
  10 cane toads
  2 gargoyles
  2 unseen horrors
  A kobold demonologist (D:11)
  A rime drake (Lair:1)
  6 komodo dragons
  A freezing wraith (D:15)
  2 tengu conjurers (D:13)
  3 tyrant leeches
  A bloated husk (Swamp:2)
  8 trolls
  9 polar bears
  10 hornets
  2 raiju (Lair:5)
  11 blink frogs
  11 dream sheep
  5 slime creatures
  3 shadows
  76 yaks
  A centaur simulacrum (D:15)
  7 humans (D:14)
  2 wraiths (D:10)
  Eustachio (D:6)
  3 hogs (Snake:4)
  7 wyverns
  2 basilisks (Lair:3)
  2 steam dragons
  11 vampire mosquitoes
  16 swamp worms
  Menkaure (D:7)
  5 wargs
  26 nagas
  An acid dragon (D:12)
  Duvessa (D:5)
  22 water moccasins
  15 hell hounds (Lair:5)
  5 swamp drakes (Swamp:4)
  9 orc warriors
  15 black bears
  2 ice beasts
  2 sky beasts (D:8)
  A black bear (shapeshifter) (D:15)
  9 ogres
  31 wolves
  20 centaurs
  3 phantoms
  10 bullfrogs
  5 kobold brigands
  An earth elemental (Elf:1)
  4 scorpions
  2 gnoll sergeants (D:9)
  Dowan (D:5)
  12 killer bees
  An electric eel (Lair:2)
  4 howler monkeys
  22 orc priests
  4 hounds
  5 jellies
  Ijyb (D:3)
  5 sleepcaps
  4 iguanas
  27 orc wizards
  13 hell rats
  14 gnolls
  8 adders
  5 white imps
  6 ufetubi (D:6)
  2 worms
  A dart slug (D:2)
  62 orcs
  14 endoplasms
  5 giant cockroaches
  6 goblins
  14 hobgoblins
  4 jackals
  28 kobolds
  4 quokkas
  8 ball pythons
  7 bats
  2 frilled lizards
  4 rats
1011 creatures vanquished.

Vanquished Creatures (collateral kills)
  Jorgrun (Elf:1)
  A nagaraja (Snake:2)
  Donald (Swamp:4)
  An eleionoma (Swamp:2)
  A dire elephant (Lair:5)
  2 bunyips
  4 hydras
  An alligator (Swamp:3)
  A two-headed ogre (D:14)
  4 naga warriors
  A death yak (Lair:5)
  A shock serpent (Snake:1)
  2 orc high priests (Orc:2)
  2 naga sharpshooters
  4 goliath frogs
  2 salamander mystics (Snake:4)
  3 bog bodies (Swamp:4)
  5 swamp dragons
  A naga ritualist (Snake:1)
  An arcanist (D:15)
  A mana viper (Snake:1)
  3 ugly things
  3 salamanders (Snake:4)
  A black mamba (Snake:1)
  2 naga magi
  2 kobold demonologists (D:11)
  2 freezing wraiths (D:15)
  2 polar bears (Lair:5)
  A spriggan (Swamp:1)
  A hog (Snake:4)
  9 nagas
  A warg (Lair:5)
  A swamp worm (Swamp:2)
  2 swamp drakes (Swamp:4)
  6 orc warriors
  2 ogres (Orc:2)
  2 kobold brigands (D:11)
  5 orc priests
  6 orc wizards (Orc:2)
  12 orcs
103 creatures vanquished.

Vanquished Creatures (others)
  A deep elf pyromancer (Elf:1)
  A black mamba (Lair:5)
  A spriggan (Swamp:3)
  A human (D:14)
  22 foxfires
26 creatures vanquished.

Grand Total: 1140 creatures vanquished

Notes
Turn   | Place    | Note
-------+----------+-------------------------------------------
     0 | D:1      | Zonian the Deep Elf Conjurer began the quest for the Orb.
     0 | D:1      | Reached XP level 1. HP: 10/10 MP: 6/6
   254 | D:1      | Reached XP level 2. HP: 15/15 MP: 6/8
  1092 | D:2      | Learned a level 2 spell: Searing Ray
  1186 | D:2      | Reached XP level 3. HP: 19/19 MP: 10/10
  1967 | D:2      | Reached skill level 4 in Spellcasting
  1967 | D:2      | Reached XP level 4. HP: 24/24 MP: 12/12
  2540 | D:3      | Reached skill level 5 in Conjurations
  2902 | D:3      | Noticed an ice beast
  2902 | D:3      | You fall into a shaft and drop 3 floors!
  2909 | D:6      | Learned a level 3 spell: Dazzling Flash
  3079 | D:6      | Identified a scroll of acquirement
  3079 | D:6      | Identified the "Keargh" (You acquired it on level 6 of the
                  | Dungeon)
  3079 | D:6      | Acquired the scarf of Fesugh {repulsion, rN+ Regen+ Dex-2}
  3297 | D:6      | Noticed a scorpion
  3304 | D:6      | Killed a scorpion
  3305 | D:6      | Reached skill level 1 in Hexes
  3305 | D:6      | Reached XP level 5. HP: 18/28 MP: 13/13
  3613 | D:6      | Reached XP level 6. HP: 32/32 MP: 7/15
  3973 | D:6      | Noticed Eustachio
  4072 | D:5      | Entered Level 5 of the Dungeon
  4075 | D:5      | Noticed Duvessa
  4543 | D:3      | Killed an ice beast
  4544 | D:3      | Reached skill level 5 in Spellcasting
  5177 | D:3      | Noticed Ijyb
  5294 | D:3      | Killed Ijyb
  5295 | D:3      | Reached skill level 5 in Stealth
  5489 | D:4      | Found an opulent altar of Gozag.
  5498 | D:4      | Became a worshipper of Gozag Ym Sagoz the Greedy
  5582 | D:4      | Noticed a water moccasin
  5592 | D:4      | Killed a water moccasin
  5593 | D:4      | Reached XP level 7. HP: 36/36 MP: 17/17
  6510 | D:4      | Reached skill level 5 in Dodging
  6526 | D:4      | Reached skill level 6 in Spellcasting
  6714 | D:4      | Found an ornate altar of the Wu Jian Council.
  7338 | D:4      | Learned a level 3 spell: Hailstorm
  7342 | D:4      | Learned a level 3 spell: Inner Flame
  7460 | D:5      | Reached XP level 8. HP: 41/41 MP: 19/19
  7491 | D:5      | Found Awnoappu's Distillery.
  7499 | D:5      | Bought a potion of invisibility for 96 gold pieces
  7503 | D:5      | Found a large runed translucent door.
  7504 | D:5      | Found a large runed translucent door.
  7509 | D:5      | Found a corrupted altar of Lugonu.
  7513 | D:5      | Noticed Dowan
  7777 | D:5      | Identified the +2 rapier of Bodily Harmony {distort, rF+
                  | Str+3}
  7865 | D:5      | Found Xuahora's Antique Armour Shoppe.
  7954 | D:5      | Found a one-way gate to the infinite horrors of the Abyss.
  8098 | D:6      | Reached skill level 1 in Fire Magic
  8114 | D:6      | Reached skill level 1 in Ice Magic
  8278 | D:6      | Reached skill level 5 in Hexes
  9241 | D:6      | Killed Eustachio
  9242 | D:6      | Reached skill level 7 in Spellcasting
  9963 | D:7      | Noticed Menkaure
  9963 | D:7      | Noticed a troll
  9984 | D:7      | HP: 2/41 [troll (5)]
  9986 | D:7      | Killed a troll
  9991 | D:7      | Killed Menkaure
  9992 | D:7      | Reached XP level 9. HP: 25/45 MP: 13/22
 10203 | D:7      | Found Annuemn's Antique Weapon Shop.
 10468 | D:7      | Reached skill level 8 in Spellcasting
 10602 | D:7      | Found a staircase to the Ecumenical Temple.
 10612 | D:7      | Learned a level 2 spell: Static Discharge
 10616 | D:7      | Learned a level 3 spell: Frozen Ramparts
 10621 | D:7      | Learned a level 4 spell: Iskenderun's Mystic Blast
 10643 | D:7      | Identified the +0 dagger "Naxiyham" {flame, Drain Will++
                  | rCorr Int+2}
 10718 | D:7      | Reached skill level 1 in Translocations
 12021 | D:8      | Noticed a two-headed ogre
 12402 | D:8      | Reached skill level 5 in Fire Magic
 12402 | D:8      | Reached skill level 5 in Ice Magic
 12402 | D:8      | Reached XP level 10. HP: 49/50 MP: 24/24
 12462 | D:8      | Reached skill level 9 in Spellcasting
 12739 | D:8      | Found a glowing golden altar of the Shining One.
 13210 | D:8      | Found Hirraw's Book Shoppe.
 13372 | D:8      | Found a basalt altar of Yredelemnul.
 13402 | D:8      | Found a staircase to the Lair.
 13509 | D:8      | Killed a two-headed ogre
 13730 | Lair:1   | Entered Level 1 of the Lair of Beasts
 13774 | Lair:1   | Noticed a black mamba
 13779 | Lair:1   | Killed a black mamba
 13810 | Lair:1   | Noticed a black mamba
 13818 | Lair:1   | Killed a black mamba
 14014 | Lair:1   | Noticed a cane toad
 14015 | Lair:1   | Reached skill level 10 in Spellcasting
 14022 | Lair:1   | Killed a cane toad
 14165 | Lair:1   | Noticed a cane toad
 14188 | Lair:1   | Killed a cane toad
 14189 | Lair:1   | Reached XP level 11. HP: 54/54 MP: 24/27
 14207 | Lair:1   | Reached skill level 5 in Translocations
 14387 | Lair:1   | Found a blossoming altar of Fedhas.
 14394 | Lair:1   | Learned a level 5 spell: Metabolic Englaciation
 14407 | Lair:1   | Noticed an oklob plant
 14975 | Lair:1   | Reached skill level 1 in Fighting
 15409 | Lair:2   | Noticed Urug
 15428 | Lair:2   | Noticed an eleionoma
 15428 | Lair:2   | Found a staircase to the Swamp.
 15772 | D:8      | Bought a book of Winter for 544 gold pieces
 15776 | D:8      | Learned a level 3 spell: Ozocubu's Armour
 15842 | Lair:1   | Killed Urug
 16242 | Lair:2   | Found a staircase to the Snake Pit.
 16591 | Lair:2   | Reached skill level 10 in Hexes
 16596 | Lair:2   | Reached skill level 11 in Spellcasting
 16650 | Lair:2   | Noticed a boulder beetle
 16715 | Lair:2   | Killed a boulder beetle
 16737 | Lair:2   | Reached skill level 10 in Conjurations
 17447 | Lair:2   | Killed an eleionoma
 17660 | Lair:2   | Noticed a skyshark
 17728 | Lair:2   | Killed a skyshark
 17991 | Lair:2   | Reached XP level 12. HP: 52/64 MP: 22/29
 18545 | Lair:3   | Reached skill level 1 in Short Blades
 19372 | D:5      | Bought a pair of embroidered gloves for 127 gold pieces
 20498 | Lair:3   | Noticed Fannar
 20514 | Lair:3   | Killed Fannar
 21251 | Lair:4   | Learned a level 4 spell: Summon Ice Beast
 21377 | Lair:4   | Noticed a five-headed hydra
 21400 | Lair:4   | Killed a five-headed hydra
 21433 | Lair:4   | Reached skill level 1 in Summonings
 21821 | Lair:4   | Reached skill level 12 in Spellcasting
 22490 | Lair:4   | Found a viscous altar of Jiyva.
 22491 | Lair:4   | Found a staircase to the Slime Pits.
 22629 | Lair:4   | Noticed a death yak
 22982 | Lair:4   | Noticed a death yak
 22982 | Lair:4   | Noticed a death yak
 23039 | Lair:4   | Killed a death yak
 23375 | Lair:4   | Noticed a death yak
 23429 | Lair:5   | Entered Level 5 of the Lair of Beasts
 23553 | Lair:4   | Reached XP level 13. HP: 71/71 MP: 31/31
 24792 | Lair:5   | Reached skill level 1 in Air Magic
 26650 | Lair:5   | Reached skill level 5 in Fighting
 27625 | Lair:5   | Reached skill level 13 in Spellcasting
 28057 | Lair:5   | Reached skill level 5 in Short Blades
 29100 | Lair:5   | Noticed a dire elephant
 29852 | D:9      | Found Waroy's Vocational Training.
 30368 | D:9      | Learned a level 2 spell: Blink
 30482 | D:9      | Found a hide-covered altar of Uskayaw.
 30794 | D:9      | Found a broken altar of Ashenzari.
 30936 | D:5      | Killed Dowan
 30955 | D:5      | Killed Duvessa
 30956 | D:5      | Reached skill level 5 in Summonings
 31236 | D:10     | Entered Level 10 of the Dungeon
 31349 | D:10     | Reached XP level 14. HP: 36/70 MP: 30/33
 32473 | D:10     | Found a snail-covered altar of Cheibriados.
 32623 | D:10     | Learned a level 4 spell: Summon Lightning Spire
 32709 | D:10     | Found a blossoming altar of Fedhas.
 32716 | D:10     | Found a sparkling altar of Nemelex Xobeh.
 32718 | D:10     | Found a radiant altar of Vehumet.
 33245 | D:11     | Found a frozen archway.
 33641 | D:12     | Found a staircase to the Orcish Mines.
 34234 | D:12     | Reached skill level 1 in Shields
 34838 | D:13     | Found a transporter.
 34844 | D:13     | Noticed a stone giant
 34848 | D:13     | Found a bloodstained altar of Trog.
 34848 | D:13     | Noticed Gawasace's ghost (journeyman FoFi)
 34856 | D:13     | Found a transporter.
 34921 | D:13     | Reached skill level 10 in Ice Magic
 36653 | D:14     | Identified the +3 leather armour of Leapfrog {rF+ rN+
                  | Stlth+}
 37219 | D:14     | Found a gate to the Vaults.
 37358 | D:15     | Entered Level 15 of the Dungeon
 37461 | D:15     | Found a glowing golden altar of the Shining One.
 37489 | D:15     | Reached skill level 14 in Spellcasting
 38112 | D:15     | Reached XP level 15. HP: 55/84 MP: 21/35
 38523 | D:15     | Found Erphuxeg's Self-Improvement Boutique.
 38531 | D:15     | Bought a manual of Fighting for 1200 gold pieces
 38747 | D:15     | Found a staircase to the Depths.
 38915 | D:15     | Reached skill level 5 in Air Magic
 40253 | Lair:5   | Reached skill level 10 in Translocations
 41003 | Orc:1    | Entered Level 1 of the Orcish Mines
 41117 | Orc:2    | Entered Level 2 of the Orcish Mines
 41117 | Orc:2    | Found Zaibro's Book Emporium.
 41333 | Orc:2    | Found a staircase to the Elven Halls.
 41579 | Orc:2    | Paralysed by an orc sorcerer for 3 turns
 42430 | Orc:2    | Found Ganoiff's Antique Armour Boutique.
 42430 | Orc:2    | Found Yjirocahua's General Store.
 42431 | Orc:2    | Found Seutzaju's General Store.
 42463 | Orc:2    | Found Etsapy's Antique Armour Shop.
 42468 | Orc:2    | Bought a scroll of teleportation for 48 gold pieces
 42468 | Orc:2    | Bought a potion of heal wounds for 80 gold pieces
 42469 | Orc:2    | Bought a phantom mirror for 560 gold pieces
 42469 | Orc:2    | Bought a potion of heal wounds for 70 gold pieces
 42469 | Orc:2    | Bought a scroll of teleportation for 42 gold pieces
 44321 | Snake:1  | Entered Level 1 of the Snake Pit
 44701 | Snake:1  | Reached skill level 10 in Fighting
 46928 | Snake:1  | Found Boesog's General Store.
 46931 | Snake:1  | Found Fipnuloli's Magic Scroll Emporium.
 46940 | Snake:1  | Bought a scroll of teleportation for 54 gold pieces
 46940 | Snake:1  | Bought a potion of magic for 144 gold pieces
 46952 | Snake:1  | Bought a scroll of enchant armour for 97 gold pieces
 46953 | Snake:1  | Bought a scroll of teleportation for 39 gold pieces
 46953 | Snake:1  | Bought a scroll of teleportation for 39 gold pieces
 46958 | Snake:1  | Found Jocoonop's Weapon Emporium.
 47470 | Snake:2  | Noticed a nagaraja
 47478 | Snake:2  | Killed a nagaraja
 47664 | Snake:2  | Reached XP level 16. HP: 94/103 MP: 36/36
 49864 | Snake:2  | Found a shimmering altar of Xom.
 49979 | Snake:2  | Identified the +0 scale mail "Yntaic" {+Inv rPois rCorr
                  | Dex-3}
 50196 | Snake:3  | Found Affaw's Antique Armour Emporium.
 50198 | Snake:3  | Found Ymebagge's Antique Armour Emporium.
 50198 | Snake:3  | Found Waicuon's Weapon Shoppe.
 50203 | Snake:3  | Bought a shiny helmet for 277 gold pieces
 50214 | Snake:3  | Bought a bloodstained leather armour for 259 gold pieces
 50214 | Snake:3  | Identified the +3 leather armour "Yvounee" {Int+6} (You
                  | bought it in a shop on level 3 of the Snake Pit)
 50214 | Snake:3  | Found Xifibb's Jewellery Shoppe.
 50217 | Snake:3  | Bought a shimmering leather armour for 315 gold pieces
 50217 | Snake:3  | Identified the +1 leather armour "Vefyug" {Str+2} (You
                  | bought it in a shop on level 3 of the Snake Pit)
 50224 | Snake:3  | Bought an amulet of regeneration for 510 gold pieces
 50337 | Snake:3  | Bought 4 curare-tipped darts for 72 gold pieces
 50794 | Snake:3  | Learned a level 5 spell: Iskenderun's Battlesphere
 50816 | Snake:3  | Noticed Vashnia
 50924 | Snake:3  | Reached skill level 10 in Short Blades
 52022 | Snake:3  | Found Cinnegru's Weapon Emporium.
 53401 | Snake:4  | Identified the "Jaecs"
 53401 | Snake:4  | Entered Level 4 of the Snake Pit
 55275 | Snake:4  | Reached XP level 17. HP: 109/109 MP: 37/37
 55832 | Snake:4  | Noticed Kirke
 56253 | Snake:4  | Noticed a sphinx
 56255 | Snake:4  | Killed Kirke
 56617 | Snake:4  | Reached skill level 1 in Evocations
 57495 | Snake:4  | Got a serpentine rune of Zot
 57957 | Swamp:1  | Entered Level 1 of the Swamp
 59749 | Swamp:2  | Reached skill level 15 in Spellcasting
 60633 | Swamp:2  | Found a runed translucent door.
 60634 | Swamp:2  | Noticed Getoffmy's ghost (adept DEIE)
 60783 | Swamp:2  | You fall into a shaft and drop 1 floor!
 61101 | Swamp:3  | Noticed Mlioglotl
 61811 | Swamp:3  | Paralysed by a hornet for 2 turns
 62343 | Swamp:2  | Killed Mlioglotl
 62678 | Swamp:3  | Noticed Roxanne
 62990 | Swamp:4  | Entered Level 4 of the Swamp
 62990 | Swamp:4  | Noticed a tentacled monstrosity
 63003 | Swamp:4  | Killed a tentacled monstrosity
 63541 | Swamp:4  | Reached XP level 18. HP: 111/113 MP: 35/39
 63728 | Swamp:4  | Reached skill level 5 in Evocations
 64030 | Swamp:4  | Noticed the 27-headed Lernaean hydra
 64485 | Swamp:4  | Noticed Donald
 64787 | Swamp:4  | Killed Donald
 64788 | Swamp:4  | Reached skill level 15 in Hexes
 64851 | Swamp:4  | Killed the 27-headed Lernaean hydra
 64861 | Swamp:4  | Got a decaying rune of Zot
 65038 | Swamp:4  | Identified the blade talisman "Kunirch" {rF- rC+ Will+}
 65177 | Swamp:4  | Learned a level 7 spell: Enfeeble
 65364 | Vaults:5 | Identified the "Apynluts"
 65364 | Crypt:3  | Identified the of Hoycy
 65364 | Depths:2 | Identified the of Viest
 65364 | Depths:2 | Identified the "Foneesir"
 65364 | Depths:2 | Identified the "Laskoef"
 65364 | Elf:1    | Identified the "Ijiagge"
 65364 | Elf:1    | Entered Level 1 of the Elven Halls
 66043 | Elf:1    | Noticed Louise
 66075 | Elf:1    | Banished Louise
 66401 | Elf:1    | Noticed Jorgrun
 66411 | Elf:1    | Killed Jorgrun
 66412 | Elf:1    | Reached skill level 16 in Spellcasting
 66499 | Elf:1    | Found Giurogh's Antique Armour Boutique.
 66535 | Elf:1    | Noticed Zenata
 67076 | Elf:1    | Slain by Zenata

Illustrated notes

Levels and vault maps discovered:
D:1:      dpeg_arrival_brainrot, layout_basic, st_stairs_14,
          chequers_serial_rivers_room_a, minmay_misc_feat_enclosed,
          serial_bayou_crossing
D:2:      layout_basic, serial_bayou_pond_c, minmay_randomly_rotated_circles
D:3:      wad_crossroads, layout_loops_ring, minivault_5, uniq_ijyb
D:4:      minmay_razor_zed, layout_basic, grunt_gozag_statues,
          nicolae_wu_jian_immortal_techniques
D:5:      due_chaos_kobolds, layout_loops_ring, serial_shops,
          kennysheep_mini_moat, shop, uniq_duvessa
D:6:      layout_loops_corners, serial_rivers, chequers_serial_rivers_small_b,
          chequers_serial_rivers_micro_c, chequers_serial_rivers_micro_b,
          chequers_serial_rivers_micro_a, chequers_serial_rivers_small_a,
          grunt_ministairs_9, uniq_eustachio
D:7:      layout_gridville, minmay_temple_entry_purple_smoke, serial_shops,
          nicolae_shop_dealshenge, grunt_tough_drop, uniq_menkaure
D:8:      layout_cave_pools, mainiacjoe_overflow_boulevard,
          nicolae_tso_carved_into_rock, due_lair_maze_entry_diamond,
          serial_shops, nicolae_book_shop_shelving, kennysheep_generic_room_10
D:9:      layout_basic, dancing_weapons_uskayaw, ashenzari_altar_1,
          nicolae_shop_vocational
D:10:     minmay_four_partial_circles, layout_basic, slow_altar_1, minitemple
D:11:     layout_basic, portal_ice_cave_entry_pillars_2
D:12:     layout_gridville, orc_0_dummy
D:13:     layout_irregular_city, gammafunk_ghost_wrathful_warriors
D:14:     layout_loops_ring, ximxim_vaults_locker_room, minmay_misc_feat_iff
D:15:     grunt_enter_depths_snipers, layout_basic, basic_altar,
          nicolae_shop_self_help
Lair:1:   layout_misc_corridors, tgw_fedhas
Lair:2:   layout_cave_pods, alex1729_swamp_entry_worm_eleionoma,
          dummy_snake_entry, nicolae_quartered_pool_super, minivault_25,
          uniq_urug
Lair:3:   layout_concentric_octagons, uniq_fannar
Lair:4:   layout_regular_city, slime_entry_1, lemuel_fruit_fields
Lair:5:   hangedman_lair_in_review, layout_concentric_octagons,
          hangedman_lair_caniforms_friends
Swamp:1:  layout_basic_swamp, nicolae_swamp_feature_on_the_river_bank
Swamp:2:  layout_basic_swamp, ebering_ghost_inner_flame,
          hangedman_swamp_ruin_hall
Swamp:3:  layout_falls_marsh, nicolae_swamp_tree_isthmus,
          nicolae_swamp_decorative_isthmus, uniq_roxanne, uniq_mlioglotl
Swamp:4:  grunt_swamp_rune_castle, layout_basic_swamp, swamp_pool_1_2,
          uniq_donald
Snake:1:  layout_layer_cave, nicolae_snake_serpentine_bazaar, grunt_megastairs_3
Snake:2:  layout_misc_corridors, basic_altar, hangedman_snake_corridor_cut,
          grunt_megastairs_2
Snake:3:  layout_concentric_octagons, serial_shops, nicolae_shop_waterfront,
          minmay_snake_pond, minmay_shoptagon, uniq_vashnia
Snake:4:  snake_pit, layout_misc_corridors, nicolae_snake_gridmaze_swirls,
          library_closet, drop_trap, uniq_kirke
Orc:1:    layout_diamond_mine
Orc:2:    st_orc_mages, layout_diamond_mine, serial_shops, shop
Elf:1:    layout_loops_cross, serial_shops, shop, minmay_elf_demonology,
          amcnicky_mini_corridor_feature, uniq_zenata, uniq_jorgrun, uniq_louise

Skill      XL: |  1  2  3  4  5  6  7  8  9 10 11 12 13 14 15 16 17 18 |
---------------+-------------------------------------------------------+-----
Stealth        | 3 4 5 6 7 9 |  9.2
Dodging        | 3 4 5 7 8 |  8.4
Spellcasting   | 4 5 6 7 8 10 11 12 13 14 15 16 | 16.0
Conjurations   | 5 6 7 8 9 10 11 12 | 12.6
Hexes          | 1 2 3 4 6 7 9 10 11 12 13 14 15 | 15.4
Fire Magic     | 3 5 6 7 |  7.6
Ice Magic      | 3 5 6 7 8 9 10 | 10.8
Translocations | 2 4 6 7 8 9 10 | 10.0
Fighting       | 2 4 5 6 12 13 | 13.5
Short Blades   | 3 5 6 7 13 14 | 14.0
Summonings     | 2 5 6 7 8 |  8.0
Air Magic      | 3 4 5 7 8 |  8.0
Shields        | 2 3 |  3.1
Evocations     | 4 6 |  6.4

Action                     |  1- 3 |  4- 6 |  7- 9 | 10-12 | 13-15 | 16-18 || total
---------------------------+-------+-------+-------+-------+-------+-------++-------
  Melee: Dagger            |     4 |    19 |    15 |   141 |    96 |       ||   275
         Punch             |       |     1 |       |     1 |     1 |       ||     3
         Short sword       |       |       |     4 |       |       |       ||     4
         Rapier            |       |       |       |       |   325 |   273 ||   598
  Throw: Dart              |       |       |       |       |     1 |       ||     1
         Throwing net      |       |       |       |       |     1 |       ||     1
         Javelin           |       |       |       |       |     1 |     4 ||     5
   Cast: Magic Dart        |    69 |    82 |   187 |   193 |   497 |   684 ||  1712
         Searing Ray       |       |    12 |    60 |    72 |   100 |    57 ||   301
         Inner Flame       |       |       |     4 |     3 |       |       ||     7
         Dazzling Flash    |       |       |     3 |     6 |     3 |     1 ||    13
         Frozen Ramparts   |       |       |     2 |    59 |    62 |    47 ||   170
         Iskenderun's Myst |       |       |       |    40 |   168 |    92 ||   300
         Static Discharge  |       |       |       |    14 |    76 |    21 ||   111
         Hailstorm         |       |       |       |    15 |    74 |   151 ||   240
         Ozocubu's Armour  |       |       |       |    24 |    25 |     7 ||    56
         Metabolic Englaci |       |       |       |     3 |    28 |    20 ||    51
         Summon Ice Beast  |       |       |       |     1 |    15 |     2 ||    18
         Summon Lightning  |       |       |       |       |    33 |    65 ||    98
         Blink             |       |       |       |       |     4 |     9 ||    13
         Iskenderun's Batt |       |       |       |       |       |    49 ||    49
         Enfeeble          |       |       |       |       |       |     2 ||     2
 Invoke: Potion Petition   |       |       |       |       |     7 |     1 ||     8
  Evoke: Wand              |       |     1 |     3 |     6 |    13 |     7 ||    30
         Lightning rod     |       |       |       |       |    10 |     8 ||    18
         Condenser vane    |       |       |       |       |     1 |     1 ||     2
         Box of beasts     |       |       |       |       |     1 |       ||     1
         Phantom mirror    |       |       |       |       |       |     2 ||     2
    Use: Scroll            |       |    20 |     8 |     8 |    10 |    16 ||    62
         Potion            |       |     1 |     3 |     2 |     8 |     8 ||    22
   Stab: Sleeping          |       |     3 |     2 |     6 |     9 |     6 ||    26
         Distracted        |       |       |       |     1 |     2 |     4 ||     7
         Held in net/web   |       |       |       |       |     1 |       ||     1
 Armour: Robe              |     4 |    33 |    71 |   117 |       |       ||   225
         Leather armour    |       |       |       |   112 |   692 |   586 ||  1390
  Dodge: Dodged            |     5 |    37 |    88 |   151 |   408 |   290 ||   979
         Repelled          |       |       |       |     2 |    10 |    60 ||    72
  Block: Buckler           |       |       |       |       |    82 |   140 ||   222

Table legend: (Time is in decaauts)
 A = Elapsed time spent in this place.
 B = Non-inter-level travel time spent in this place.
 C = Inter-level travel time spent in this place.
 D = Time resting spent in this place.
 E = Time spent auto-exploring this place.
 F = Levels seen in this place.
 G = Mean time per level.
                   A        B        C        D        E       F      G
               +--------+--------+--------+--------+--------+-----+--------+
         Total |  67249 |  64704 |   2545 |  32919 |  18830 |  31 | 2169.3 |
       Dungeon |  24967 |  23636 |   1331 |   9530 |   9470 |  15 | 1664.5 |
          Lair |  16921 |  16144 |    777 |   9186 |   3842 |   5 | 3384.2 |
         Swamp |   7570 |   7422 |    148 |   3919 |   1920 |   4 | 1892.5 |
     Snake Pit |  12941 |  12827 |    114 |   7781 |   2191 |   4 | 3235.2 |
  Orcish Mines |   4000 |   3827 |    173 |   2219 |   1148 |   2 | 2000.0 |
   Elven Halls |    847 |    847 |      0 |    282 |    258 |   1 |  847.0 |
               +--------+--------+--------+--------+--------+-----+--------+

Top non-repeatable levels by time:
  Lair:5: 5800 daAuts
 Snake:4: 3808 daAuts
 Snake:3: 3528 daAuts
  Lair:4: 3365 daAuts
  Lair:2: 3269 daAuts
   Orc:2: 3177 daAuts
     D:6: 3088 daAuts
 Snake:1: 2857 daAuts
 Snake:2: 2746 daAuts
 Swamp:2: 2416 daAuts
  Lair:1: 2392 daAuts
     D:7: 2373 daAuts
    D:15: 2112 daAuts
  Lair:3: 2094 daAuts
 Swamp:4: 2025 daAuts
